 Dungeon Crawl Stone Soup version 0.26.1-2-gb8aa6d0cf2 (webtiles) character file.

Game seed: 18148113595055338795

1725 H0rd4k the Cutter (level 9, -2/66 HPs)
             Began as a Human Artificer on Feb 15, 2021.
             Slain by Pikel
             ... wielding a +1 whip of flaming
              (7 damage)
             ... on level 6 of the Dungeon.
             The game lasted 00:10:51 (6182 turns).

H0rd4k the Cutter (Human Artificer)                 Turns: 6182, Time: 00:10:52

Health: -2/66      AC:  5    Str: 15    XL:     9   Next: 25%
Magic:  9/9        EV: 14    Int: 13    God:
Gold:   313        SH:  0    Dex: 13    Spells: 8/8 levels left

rFire    . . .     SeeInvis .   j - +2 dagger (venom)
rCold    + . .     Faith    .   (no shield)
rNeg     . . .     Spirit   .   f - +2 leather armour {rC+}
rPois    .         Reflect  .   (no helmet)
rElec    .         Harm     .   (no cloak)
rCorr    .         Rampage  .   (no gloves)
Will     .....                  (no boots)
Stlth    ++........             a - amulet of regeneration
HPRegen  0.61/turn              (no ring)
MPRegen  0.11/turn              (no ring)

@: no status effects
A: no striking features
a: no special abilities


You were on level 6 of the Dungeon.
You visited 2 branches of the dungeon, and saw 8 of its levels.

You collected 313 gold pieces.

Inventory:

Hand Weapons
 j - a +2 dagger of venom (weapon)
 o - a +1 falchion of holy wrath
 u - a +2 rapier of flaming
 x - a +2 vorpal shortbow
Missiles
 y - 102 arrows
Armour
 f - a +2 leather armour of cold resistance (worn)
 v - a cursed +0 robe
Jewellery
 a - an amulet of regeneration (around neck)
 D - an uncursed amulet of faith {unknown}
Wands
 c - a wand of flame (40) (quivered)
 d - a wand of enslavement (9)
 e - a wand of random effects (15)
 n - a wand of polymorph (5)
 s - a wand of digging (5)
Scrolls
 b - 2 scrolls of fear {unknown}
 g - 6 scrolls of identify {unknown}
 i - a scroll of immolation {unknown}
 k - 4 scrolls of teleportation {unknown}
 l - 2 scrolls of enchant weapon {unknown}
 r - a scroll of noise {unknown}
 t - 2 scrolls of remove curse {unknown}
 w - a scroll of random uselessness {unknown}
 A - a scroll of summoning {unknown}
 B - a scroll of blinking {unknown}
 E - a scroll of enchant armour {unknown}
Potions
 h - a potion of flight
 m - a potion of magic {unknown}
 q - 2 potions of haste
 z - a potion of ambrosia {unknown}
 C - a potion of degeneration {unknown}
 F - a potion of attraction {unknown}
 G - 2 potions of curing {unknown}


   Skills:
 + Level 4.3 Fighting
 + Level 5.3(5.5) Short Blades
 + Level 1.6(3.7) Long Blades
 + Level 4.6 Armour
 + Level 4.9 Dodging
 + Level 4.1 Stealth
 + Level 0.7 Unarmed Combat
 + Level 4.6 Evocations


You had 8 spell levels left.
You didn't know any spells.
Your spell library contained the following spells:

 Spells                   Type           Power        Failure   Level
 Animate Skeleton         Necr           0%           36%         1
 Pain                     Necr           0%           36%         1
 Vampiric Draining        Necr           0%           73%         3
 Animate Dead             Necr           0%           98%         4
 Agony                    Necr           0%           100%        5


Dungeon Overview and Level Annotations

Branches:
Dungeon (7/15)             Temple (1/1) D:6

Altars:
Ashenzari
Cheibriados
Dithmenos
Elyvilon
Fedhas
Hepliaklqana
Kikubaaqudgha
Makhleb
Nemelex Xobeh
Okawaru
Qazlal
Ru
Sif Muna
Trog
Uskayaw
Vehumet
Wu Jian
Xom
Yredelemnul
The Shining One

Shops:
D:5 :   D:6 }

Annotations:
D:5 2 runed translucent doors, exclusions: 2 doors and phantom, stripedtigrrr's ghost, novice OpWn
D:6 Pikel


Message History

Okay, then.
Unknown command.
Aiming: Enslavement
Press: ? - help, Shift-Dir - straight line, f/p - centaur
Aim: a centaur, wielding a +0 shortbow and quivering 11 arrows (chance to affect: 60%)
Okay, then.
Unknown command.
It was a potion of flight.
You feel very buoyant.
You fly up into the air.
Pikel hits you with a +1 whip of flaming.
* * * LOW HITPOINT WARNING * * *
Pikel burns you.
* * * LOW HITPOINT WARNING * * *
Okay, then.
It was a potion of cancellation.
Your magical effects are unravelling.
You feel magically purged.
You float gracefully downwards.
Pikel hits you with a +1 whip of flaming!
You die...

.).........#...........
†##........#..........
.....).....##.?......
....)......##....... #
..)...#...###......####.#
#.........# #....$.......
#.........# #........ #..#......#
#####K.c..... #
.'.#.....####...@#'##.... .
'''########.............. ....
...########.................. ...
...##°§§###..................>...
.>.#.§.§○##..[.....###.......# ..
...#☼☼☼☼.##........# #.......# ..
...#§☼§○○##........# #.......# #.
...##°§○###....#######.......###.
...########.##.####..........#...


You could see Pikel and a centaur.

Vanquished Creatures
  Grinder (D:5)
  Eustachio (D:4)
  Menkaure (D:4)
  An ice beast (D:6)
  An orc warrior (D:6)
  An ogre (D:6)
  2 centaurs
  3 lemures (D:6)
  A bullfrog (D:6)
  A howler monkey (D:6)
  A jelly (D:6)
  2 orc priests
  3 hounds
  2 orc wizards
  A bullfrog skeleton (D:6)
  Jessica (D:3)
  2 iguanas
  2 worker ants
  Natasha (thrice) (D:2)
  Robin (D:2)
  6 adders
  4 gnolls (D:2)
  A worker ant zombie (D:7)
  2 oozes
  2 adder skeletons
  5 worms
  6 leopard geckos
  27 orcs
  A ball python (D:4)
  9 bats
  5 giant cockroaches
  9 goblins
  7 hobgoblins
  7 jackals
  A quokka (D:2)
  5 frilled lizards
  A kobold (D:1)
  A leopard gecko skeleton (D:7)
  4 rats
134 creatures vanquished.

Vanquished Creatures (collateral kills)
  2 orcs (D:6)
2 creatures vanquished.

Vanquished Creatures (others)
  A lemure (D:6)
1 creature vanquished.

Grand Total: 137 creatures vanquished

Notes
Turn   | Place    | Note
-------+----------+-------------------------------------------
     0 | D:1      | H0rd4k the Human Artificer began the quest for the Orb.
     0 | D:1      | Reached XP level 1. HP: 15/15 MP: 1/1
   137 | D:1      | Reached XP level 2. HP: 7/21 MP: 2/2
   617 | D:1      | Found a radiant altar of Vehumet.
  1212 | D:2      | Found a bloodstained altar of Trog.
  1283 | D:2      | Reached XP level 3. HP: 26/26 MP: 3/3
  1285 | D:2      | Noticed Natasha
  1306 | D:2      | Killed Natasha
  1310 | D:2      | Reached skill level 1 in Short Blades
  1316 | D:2      | Noticed Natasha
  1325 | D:2      | Killed Natasha
  1326 | D:2      | Reached XP level 4. HP: 26/32 MP: 4/4
  1531 | D:2      | Reached XP level 5. HP: 26/37 MP: 5/5
  1934 | D:2      | Noticed Natasha
  1952 | D:2      | Killed Natasha
  1967 | D:2      | Reached skill level 2 in Short Blades
  2260 | D:2      | Noticed Robin
  2278 | D:2      | Killed Robin
  2544 | D:3      | Reached XP level 6. HP: 41/44 MP: 6/6
  2811 | D:3      | Noticed Jessica
  2818 | D:3      | Killed Jessica
  2868 | D:3      | Found a faded altar of an unknown god.
  3637 | D:4      | Noticed Eustachio
  3642 | D:4      | Reached skill level 3 in Short Blades
  3642 | D:4      | Reached XP level 7. HP: 50/50 MP: 7/7
  3719 | D:4      | Killed Eustachio
  3758 | D:4      | You fall into a shaft and drop 3 floors!
  3998 | D:6      | Found a staircase to the Ecumenical Temple.
  4027 | D:6      | Reached XP level 8. HP: 53/58 MP: 8/8
  4191 | Temple   | Entered the Ecumenical Temple
  4422 | D:6      | Reached skill level 4 in Short Blades
  4566 | D:6      | Found Yleub's Gadget Shoppe.
  4653 | D:5      | Entered Level 5 of the Dungeon
  4704 | D:5      | Found Riaqirerr's Book Boutique.
  4743 | D:5      | Found a runed translucent door.
  4747 | D:5      | Noticed stripedtigrrr's ghost (novice OpWn)
  5066 | D:4      | Noticed Menkaure
  5076 | D:4      | Killed Menkaure
  5077 | D:4      | Reached skill level 1 in Long Blades
  5406 | D:5      | Noticed Grinder
  5410 | D:5      | Paralysed by Grinder for 6 turns
  5418 | D:5      | Killed Grinder
  5419 | D:5      | Reached skill level 5 in Short Blades
  5419 | D:5      | Reached XP level 9. HP: 46/65 MP: 9/9
  5728 | D:5      | Found a runed translucent door.
  6068 | D:6      | Found a sparkling altar of Nemelex Xobeh.
  6133 | D:6      | Noticed Pikel
  6182 | D:6      | Slain by Pikel

Illustrated notes

Levels and vault maps discovered:
D:1:      eino_arrival_cavern_a, layout_basic, chequers_serial_rivers_micro_c,
          kennysheep_flooded_box, minivault_23, minmay_door_square,
          minmay_tromino_v4_a
D:2:      layout_loops_ring, lightli_temple_of_fire, uniq_robin, uniq_natasha
D:3:      layout_loops_corners, chequers_ecumenical_altar_island, uniq_jessica
D:4:      layout_rooms, minmay_misc_feat_plants, uniq_menkaure, uniq_eustachio
D:5:      layout_gridville, serial_shops, nicolae_shop_waterfront,
          ebering_ghost_sewer_f, uniq_grinder
D:6:      layout_basic, nemelex_altar_shiori, minmay_temple_entry_tees,
          hellmonk_ghost_happy_afterlife, serial_shops, shop_fountains,
          uniq_pikel
D:7:      layout_loops_ring, pdpol_temple_overflow_zin_treasury_gozag_greed,
          kb_xom_exploding_sheep
Temple:   eino_narrow_crystal_temple

Skill      XL: |  1  2  3  4  5  6  7  8  9 |
---------------+----------------------------+-----
Short Blades   | 1 2 3 5 |  5.3
Evocations     | 4 |  4.6
Dodging        | 2 3 4 |  4.9
Stealth        | 2 3 4 |  4.1
Fighting       | 2 3 4 |  4.3
Armour         | 3 4 |  4.6
Long Blades    | 1 |  1.6
Unarmed Combat | |  0.7

Action                   |  1- 3 |  4- 6 |  7- 9 || total
-------------------------+-------+-------+-------++-------
Melee: Club              |    27 |       |       ||    27
       Short sword       |    31 |       |       ||    31
       Dagger            |    25 |   210 |   254 ||   489
       Unarmed           |       |    12 |       ||    12
       Falchion          |       |       |    17 ||    17
       Punch             |       |       |     1 ||     1
       Rapier            |       |       |    11 ||    11
Evoke: Wand              |       |       |    16 ||    16
  Use: Potion            |       |       |     2 ||     2
 Stab: Sleeping          |     1 |     4 |     4 ||     9
       Distracted        |     1 |       |     1 ||     2
Armor: Leather armour    |    31 |    41 |    39 ||   111
       Skin              |       |     3 |       ||     3
Dodge: Dodged            |    67 |   119 |   156 ||   342
       Rpst.: Falchion   |       |       |     6 ||     6
